 Dungeon Crawl Stone Soup version 0.31-a0-618-g7ca08c1ff9 (webtiles) character file.

Game seed: 17917848040406327

16102 Pooter the Severer (level 12, -3/165 HPs)
             Began as a Minotaur Berserker on Aug 22, 2023.
             Was a Believer of Trog.
             Slain by an anaconda simulacrum (22 damage)
             ... in an ice cave.
             The game lasted 01:00:22 (15172 turns).

Pooter the Severer (Minotaur Berserker)            Turns: 15172, Time: 01:00:23

Health: -3/165     AC: 14    Str: 38    XL:     12   Next: 7%
Magic:  11/11      EV: 12    Int:  4    God:    Trog [**....]
Gold:   902        SH:  0    Dex: 11    Spells: 11/11 levels left

rFire   + . .        a - +2 war axe
rCold   . . .        (no shield)
rNeg    . . .        A - +0 chain mail
rPois   .            (helmet restricted)
rElec   .            j - scarf of Creativity {+Inv, rF+ Str+6}
rCorr   .            M - +2 pair of gloves {hurl}
SInv    .            K - +1 pair of boots
Will    .....        (no amulet) Stlth
                     D - +6 ring of strength
HPRegen 0.47/turn    J - +5 ring of evasion
MPRegen 0.12/turn

%: clarity
@: berserking, constricted, very quick
A: horns 2, retaliatory headbutt, clarity
a: Renounce Religion, Evoke Invisibility, Berserk, Trog's Hand


You were in an ice cave.
You worshipped Trog.
Trog was pleased with you.
You visited 2 branches of the dungeon, and saw 11 of its levels.
You also visited: Ice Cave.

You collected 1063 gold pieces.
You spent 161 gold pieces at shops.

Inventory:

Hand Weapons
 a - a +2 war axe (weapon)
   (You found it on level 4 of the Dungeon)
 b - a +0 orcbow
   (You took it off a centaur on level 7 of the Dungeon)
 r - a +4 spear of flaming
   (You took it off a gnoll sergeant on level 8 of the Dungeon)
 s - a +0 trident
   (You took it off Robin on level 4 of the Dungeon)
 w - a +0 sling
   (You took it off a goblin on level 2 of the Dungeon)
 B - a +0 great mace
   (You found it on level 6 of the Dungeon)
 L - a +2 glaive of freezing
   (You took it off an orc warrior on level 9 of the Dungeon)
Missiles
 l - 2 boomerangs
 m - 3 javelins
 y - 2 throwing nets {!f}
 H - 18 poisoned darts (quivered)
 I - 12 curare-tipped darts
 Q - 71 stones
Armour
 j - the scarf of Creativity (worn) {+Inv, rF+ Str+6}
   (You acquired it on level 5 of the Dungeon)

   Str+6:     It affects your strength (+6).
   rF+:       It protects you from fire.
 p - a +2 cloak
   (You took it off Crazy Yiuf on level 2 of the Dungeon)
 A - a +0 chain mail (worn)
   (You found it on level 5 of the Dungeon)
 K - a +1 pair of boots (worn)
   (You found it on level 7 of the Dungeon)
 M - a +2 pair of gloves of hurling (worn)
   (You found it on level 10 of the Dungeon)
Jewellery
 q - a ring of willpower
   (You took it off an orc wizard on level 8 of the Dungeon)
 D - a +6 ring of strength (left hand)
   (You found it on level 6 of the Dungeon)
 J - a +5 ring of evasion (right hand)
   (You took it off a centaur on level 7 of the Dungeon)
Wands
 o - a wand of light (7)
   (You found it on level 2 of the Dungeon)
 u - a wand of paralysis (7)
   (You found it on level 6 of the Dungeon)
 C - a wand of roots (6)
   (You found it on level 9 of the Dungeon)
 E - a wand of polymorph (11)
   (You found it on level 6 of the Dungeon)
Scrolls
 f - 2 scrolls of noise {!r}
 h - 4 scrolls of fear
 t - 2 scrolls of teleportation {@r4}
 x - 4 scrolls of blinking
 G - a scroll of summoning
 N - a scroll of poison {!r}
Potions
 c - a potion of cancellation {unknown}
 d - 2 potions of haste {unknown}
 e - a potion of curing {unknown}
 g - 5 potions of heal wounds {unknown}
 i - a potion of enlightenment {unknown}
 k - 3 potions of mutation {!q}
 n - 6 potions of lignification {!q}
 v - a potion of might
 z - 2 potions of resistance {unknown}
 F - a potion of berserk rage {unknown}


   Skills:
 + Level 11.1 Fighting
 * Level 15.0 Axes
 * Level 12.3 Ranged Weapons
 - Level 2.4 Armour
 - Level 2.1 Dodging
 - Level 5.3 Stealth


You had 11 spell levels left.
You didn't know any spells.
Your spell library was empty.

Dungeon Overview and Level Annotations

Branches:
Dungeon (10/15) Zot: 24501  Temple (0/1) D:4            Lair (1/5) D:9 Zot: 5834
  IceCv (1/1) Zot: 2659
    Orc: D:9-12

Altars:
Dithmenos
Kikubaaqudgha
Makhleb
Nemelex Xobeh
Xom
Yredelemnul
Zin
The Shining One

Shops:
D:2 [*   D:10 (

Annotations:
D:8 Maurice


Innate Abilities, Weirdness & Mutations

You have a pair of horns on your head.
You reflexively headbutt those who attack you in melee.
You possess an exceptional clarity of mind.


Message History

You headbutt the dire elephant simulacrum.
The dire elephant simulacrum completely misses you.
You furiously retaliate!
You headbutt the dire elephant simulacrum!
The dire elephant simulacrum trunk-slaps you but does no damage.
You hit the dire elephant simulacrum.
You headbutt the dire elephant simulacrum.
The dire elephant simulacrum barely misses you.
You furiously retaliate!
You headbutt the dire elephant simulacrum!
The dire elephant simulacrum barely misses you.
You slash the dire elephant simulacrum! Trog accepts your kill.
You open the door.
A dire elephant simulacrum comes into view.
You slash the dire elephant simulacrum!
You headbutt the dire elephant simulacrum.
The dire elephant simulacrum tramples you.
You stumble backwards!
An anaconda simulacrum comes into view.
You hit the dire elephant simulacrum. You hit the dire elephant simulacrum.
The dire elephant simulacrum tramples you but does no damage.
The dire elephant simulacrum trunk-slaps you!
The dire elephant simulacrum freezes you!!
You slice the dire elephant simulacrum!!
You slash the dire elephant simulacrum! Trog accepts your kill.
The anaconda simulacrum grabs you.
The anaconda simulacrum bites you but does no damage.
The anaconda simulacrum constricts you.
You hit the anaconda simulacrum.
Your headbutt misses the anaconda simulacrum.
The anaconda simulacrum bites you. The anaconda simulacrum freezes you!
The anaconda simulacrum constricts you.
You closely miss the anaconda simulacrum.
The anaconda simulacrum bites you!
* * * LOW HITPOINT WARNING * * *
The anaconda simulacrum freezes you!!
* * * LOW HITPOINT WARNING * * *
The anaconda simulacrum constricts you.
* * * LOW HITPOINT WARNING * * *
A red film seems to cover your vision as you go berserk!
You feel yourself moving faster!
You feel mighty!
The anaconda simulacrum closely misses you.
You furiously retaliate!
You headbutt the anaconda simulacrum!! The anaconda simulacrum constricts you.
The anaconda simulacrum bites you!
* * * LOW HITPOINT WARNING * * *
The anaconda simulacrum freezes you!!
You die...

### ..
######'######
#.'.......'.
###.8...8.###
#.'...Z...'.#
###.8..@8.###.#
'...........'.#
###.8...8.###.#
+.......'.#
###.8...8.###
#.'.......'.#
###'#...#'###
#.#...#.#
###...###


You could see an anaconda simulacrum.

Vanquished Creatures
  A deep elf annihilator (D:10)
  A two-headed ogre (D:9)
  Pikel (D:5)
  A wizard (D:10)
  A cyclops (D:7)
  An orc sorcerer (D:10)
  Joseph (D:8)
  2 ice statues (IceCv)
  2 cane toads (Lair:1)
  6 ice devils (IceCv)
  3 kobold demonologists (D:9)
  2 anaconda simulacra (IceCv)
  2 trolls
  A hornet (D:10)
  5 blink frogs (Lair:1)
  2 wyverns
  8 yaks
  3 dire elephant simulacra (IceCv)
  A wraith (D:9)
  2 harpy simulacra (IceCv)
  An acid dragon (D:9)
  8 water moccasins
  A hydra simulacrum (IceCv)
  3 ice beasts
  An orc warrior (D:9)
  Pargi (D:4)
  4 sky beasts (D:7)
  An ogre (D:6)
  5 centaurs
  4 lemures
  A phantom (D:6)
  4 kobold brigands
  5 bullfrogs
  A gnoll sergeant (D:8)
  A scorpion (D:5)
  6 killer bees (D:8)
  2 elephant simulacra (IceCv)
  2 howler monkeys
  3 electric eels (D:9)
  3 jellies
  6 hounds
  3 orc priests (D:8)
  3 sleepcaps
  5 iguanas
  Terence (D:2)
  Crazy Yiuf (D:2)
  Jessica (D:2)
  7 orc wizards
  2 spriggan simulacra (IceCv)
  Robin (D:4)
  3 gnolls (D:8)
  6 adders
  2 shadow imps (D:6)
  A white imp (D:5)
  2 ufetubi
  2 worms
  A dart slug (D:2)
  18 orcs
  10 endoplasms
  3 giant cockroaches
  6 hobgoblins
  3 jackals (D:3)
  3 quokkas
  8 ball pythons
  2 bats (D:2)
  3 frilled lizards
  15 goblins
  13 kobolds
  3 rats
237 creatures vanquished.

Vanquished Creatures (collateral kills)
  Prince Ribbit (D:8)
  An orc wizard (D:8)
2 creatures vanquished.

Grand Total: 239 creatures vanquished

Notes
Turn   | Place    | Note
-------+----------+-------------------------------------------
     0 | D:1      | Pooter the Minotaur Berserker began the quest for the Orb.
     0 | D:1      | Reached XP level 1. HP: 19/19 MP: 0/0
   415 | D:1      | Reached XP level 2. HP: 17/27 MP: 1/1
   648 | D:2      | Noticed Terence
   655 | D:2      | Killed Terence
   656 | D:2      | Reached skill level 4 in Axes
   656 | D:2      | Reached skill level 1 in Stealth
   656 | D:2      | Reached XP level 3. HP: 33/33 MP: 2/2
   738 | D:2      | Found Pebboovaucs's General Store.
   747 | D:2      | Bought a potion of might for 56 gold pieces
   855 | D:2      | Noticed Jessica
   861 | D:2      | Killed Jessica
   862 | D:2      | Reached XP level 4. HP: 40/40 MP: 3/3
  1033 | D:2      | Reached ** piety under Trog
  1095 | D:2      | Found Ziabroiw's Antique Armour Shop.
  1289 | D:2      | Reached skill level 5 in Axes
  1319 | D:2      | Found a runed translucent door.
  1320 | D:2      | Noticed Crazy Yiuf
  1486 | D:2      | Killed Crazy Yiuf
  1487 | D:2      | Reached XP level 5. HP: 47/47 MP: 4/4
  2023 | D:3      | Identified the +0 leather armour of the Furrier {Rampage}
  2258 | D:4      | Noticed Pargi
  2261 | D:4      | Killed Pargi
  2262 | D:4      | Reached XP level 6. HP: 55/55 MP: 5/5
  2268 | D:4      | Noticed Robin
  2433 | D:4      | Killed Robin
  2598 | D:4      | Reached skill level 5 in Fighting
  2598 | D:4      | Reached skill level 6 in Axes
  2670 | D:4      | Found a staircase to the Ecumenical Temple.
  3092 | D:4      | Reached *** piety under Trog
  3348 | D:5      | Entered Level 5 of the Dungeon
  3358 | D:5      | Reached skill level 1 in Ranged Weapons
  3569 | D:5      | Reached XP level 7. HP: 61/61 MP: 6/6
  3624 | D:5      | Noticed Pikel
  3852 | D:5      | Killed Pikel
  3853 | D:5      | Reached skill level 7 in Axes
  3853 | D:5      | Reached skill level 5 in Stealth
  3853 | D:5      | Reached XP level 8. HP: 51/70 MP: 7/7
  4020 | D:5      | Identified a scroll of acquirement
  4021 | D:5      | Acquired the scarf of Creativity {+Inv, rF+ Str+6}
  4198 | D:5      | Reached skill level 8 in Axes
  4905 | D:6      | Gained mutation: You are somewhat resistant to further
                  | mutation. [potion of mutation]
  4906 | D:6      | Lost mutation: You are somewhat resistant to further
                  | mutation. [potion of mutation]
  4906 | D:6      | Gained mutation: You possess an exceptional clarity of
                  | mind. [potion of mutation]
  5101 | D:6      | Found a burning altar of Makhleb.
  5103 | D:6      | Noticed a cacodemon
  5127 | D:6      | Reached skill level 9 in Axes
  5307 | D:6      | Found a glowing golden altar of the Shining One.
  5309 | D:6      | Noticed an angel
  5332 | D:6      | Found a basalt altar of Yredelemnul.
  5335 | D:6      | Noticed a profane servitor
  5498 | D:6      | Reached skill level 5 in Ranged Weapons
  5915 | D:7      | Reached XP level 9. HP: 68/79 MP: 8/8
  6210 | D:7      | Noticed a cyclops
  6215 | D:7      | Killed a cyclops
  6216 | D:7      | Reached skill level 10 in Axes
  6352 | D:7      | Reached skill level 11 in Axes
  6534 | D:2      | Bought a scroll of blinking for 105 gold pieces
  6883 | D:8      | Found an ancient bone altar of Kikubaaqudgha.
  6892 | D:8      | Noticed Prince Ribbit
  6905 | D:8      | Killed Prince Ribbit
  7061 | D:8      | Noticed a six-headed hydra
  7066 | D:8      | Noticed Maurice
  7068 | D:8      | Noticed Joseph
  7133 | D:8      | Reached XP level 10. HP: 78/89 MP: 9/9
  7669 | D:8      | Identified the +2 leather armour of the New World {Will+
                  | MP+9 Int+3}
  7710 | D:8      | Killed Joseph
  8362 | D:8      | Found a glowing silver altar of Zin.
  8635 | D:8      | Reached skill level 12 in Axes
  8769 | D:9      | Found a staircase to the Lair.
  9008 | D:9      | Found a shimmering altar of Xom.
  9236 | D:9      | You fall into a shaft and drop 1 floor!
  9236 | D:10     | Entered Level 10 of the Dungeon
  9588 | D:9      | Found a shadowy altar of Dithmenos.
  9589 | D:9      | Found a sparkling altar of Nemelex Xobeh.
  9640 | D:9      | Reached skill level 10 in Ranged Weapons
  9707 | D:9      | Reached skill level 13 in Axes
  9710 | D:9      | Reached XP level 11. HP: 99/99 MP: 10/10
 10775 | D:10     | Noticed an orc sorcerer
 10779 | D:10     | Noticed a two-headed ogre
 10781 | D:10     | Noticed a deep elf annihilator
 10782 | D:10     | Killed an orc sorcerer
 10845 | D:9      | Killed a two-headed ogre
 10900 | D:10     | Killed a deep elf annihilator
 10901 | D:10     | Reached skill level 10 in Fighting
 10942 | D:10     | Noticed a wizard
 10953 | D:10     | Killed a wizard
 11075 | D:10     | Found Jeadus's Antique Weapon Emporium.
 11656 | Lair:1   | Entered Level 1 of the Lair of Beasts
 11668 | Lair:1   | Reached skill level 14 in Axes
 11815 | Lair:1   | Found a frozen archway.
 11824 | IceCv    | Entered an ice cave
 12947 | IceCv    | Upgraded the game from 0.31-a0-609-g7bf6ffcfed to
                  | 0.31-a0-618-g7ca08c1ff9
 12960 | IceCv    | Lost mutation: You possess an exceptional clarity of mind.
                  | [potion of mutation]
 12960 | IceCv    | Gained mutation: You sometimes lose your temper in combat.
                  | [potion of mutation]
 12960 | IceCv    | Gained mutation: Your spells are a little harder to cast,
                  | but a little more powerful. [potion of mutation]
 12961 | IceCv    | Lost mutation: You sometimes lose your temper in combat.
                  | [potion of mutation]
 12961 | IceCv    | Lost mutation: Your spells are a little harder to cast, but
                  | a little more powerful. [potion of mutation]
 12961 | IceCv    | Gained mutation: You are frail. (-10% HP) [potion of
                  | mutation]
 12961 | IceCv    | Gained mutation: You possess an exceptional clarity of
                  | mind. [potion of mutation]
 12962 | IceCv    | Lost mutation: You possess an exceptional clarity of mind.
                  | [potion of mutation]
 12962 | IceCv    | Lost mutation: You are frail. (-10% HP) [potion of
                  | mutation]
 12962 | IceCv    | Gained mutation: You possess an exceptional clarity of
                  | mind. [potion of mutation]
 14837 | IceCv    | Reached XP level 12. HP: 46/110 MP: 11/11
 15141 | IceCv    | Reached skill level 15 in Axes
 15172 | IceCv    | Slain by an anaconda simulacrum

Illustrated notes

Levels and vault maps discovered:
D:1:      minmay_arrival_hallway, layout_loops_cross
D:2:      layout_loops_ring, serial_shops, shop, shop, uniq_crazy_yiuf_cottage,
          uniq_jessica, uniq_terence
D:3:      layout_loops_ring, minmay_door_square
D:4:      layout_loops_ring, temple_doors_e, roderic_lattice_a,
          chequers_serial_rivers_large_b, uniq_robin, uniq_pargi
D:5:      layout_basic, wad_floor_pattern_untrapped,
          chequers_serial_rivers_micro_c, uniq_pikel
D:6:      layout_basic, grunt_temple_overflow_holy_war,
          makhleb_altar_promises_db, kennysheep_generic_room_12
D:7:      minmay_polygon_palace, layout_rooms,
          nicolae_ru_great_annihilating_truth, grunt_ministairs_7,
          nicolae_alphabet_shops
D:8:      layout_loops_ring, kiku_gazebo_pond_becter, zin_scriptorium,
          hangedman_decor_peaks_small, kennysheep_generic_room_11, uniq_joseph,
          uniq_maurice, uniq_prince_ribbit1
D:9:      nicolae_moon_pools, layout_gridville,
          gammafunk_temple_overflow_statue, dk_xom_monty_hall
D:10:     cheibrodos_wizards_tower, layout_stronghold, serial_shops,
          nicolae_shop_advertising_works [nicolae_subvault_shop_adworks],
          hangedman_decor_growths
Lair:1:   layout_long_grid, ebering_ghost_reflecting_pool,
          portal_ice_cave_entry_pillars_1, minmay_shattered_shrine,
          infiniplex_staircase_pool_2
IceCv:    ice_cave_tombish

Skill      XL: |  1  2  3  4  5  6  7  8  9 10 11 12 |
---------------+-------------------------------------+-----
Fighting       | 4 5 6 7 8 9 11 | 11.1
Axes           | 4 5 6 7 9 11 13 14 15 | 15.0
Stealth        | 1 2 3 4 5 |  5.3
Ranged Weapons | 1 2 5 8 10 12 | 12.3
Armour         | |  2.4
Dodging        | |  2.1

Action                     |  1- 3 |  4- 6 |  7- 9 | 10-12 || total
---------------------------+-------+-------+-------+-------++-------
  Melee: Hand axe          |    37 |    70 |       |       ||   107
         Headbutt          |     4 |    11 |    24 |    50 ||    89
         War axe           |       |    37 |   143 |   244 ||   424
         Punch             |       |       |     1 |     1 ||     2
         Glaive            |       |       |       |    15 ||    15
         Spear             |       |       |       |    10 ||    10
   Fire: Sling             |       |    68 |       |       ||    68
         Shortbow          |       |       |    26 |       ||    26
         Orcbow            |       |       |     3 |   133 ||   136
  Throw: Javelin           |       |       |       |     6 ||     6
         Stone             |       |       |       |     1 ||     1
         Dart              |       |       |       |    14 ||    14
 Invoke: Berserk           |     2 |     2 |     4 |    13 ||    21
         Trog's Hand       |       |       |     6 |    25 ||    31
  Evoke: Wand              |       |       |       |     8 ||     8
    Use: Scroll            |     2 |     1 |    12 |     2 ||    17
         Potion            |       |       |     2 |     3 ||     5
   Stab: Paralysed         |       |       |       |     2 ||     2
         Invisible         |       |       |       |     2 ||     2
 Armour: Animal skin       |     4 |       |       |       ||     4
         Scale mail        |     8 |    68 |    26 |       ||   102
         Chain mail        |       |       |    63 |   122 ||   185
  Dodge: Dodged            |    13 |    66 |    74 |   145 ||   298

Table legend: (Time is in decaauts)
 A = Elapsed time spent in this place.
 B = Non-inter-level travel time spent in this place.
 C = Inter-level travel time spent in this place.
 D = Time resting spent in this place.
 E = Time spent auto-exploring this place.
 F = Levels seen in this place.
 G = Mean time per level.
                   A        B        C        D        E       F      G
               +--------+--------+--------+--------+--------+-----+--------+
         Total |  15416 |  14934 |    482 |   5967 |   6614 |  12 | 1284.7 |
       Dungeon |  11910 |  11428 |    482 |   2817 |   6547 |  10 | 1191.0 |
          Lair |    166 |    166 |      0 |     35 |     59 |   1 |  166.0 |
      Ice Cave |   3339 |   3339 |      0 |   3115 |      8 |   1 | 3339.0 |
               +--------+--------+--------+--------+--------+-----+--------+

Top non-repeatable levels by time:
   IceCv: 3339 daAuts
     D:8: 1859 daAuts
     D:9: 1754 daAuts
     D:5: 1308 daAuts
    D:10: 1297 daAuts
     D:4: 1216 daAuts
     D:6: 1140 daAuts
     D:2: 962 daAuts
     D:3: 909 daAuts
     D:7: 812 daAuts
     D:1: 650 daAuts
  Lair:1: 166 daAuts
